TOP OF THE 1ST |
Vermont Lake Monsters batting - Pitching for Lowell Spinners : LHP Ken Berger
|
Pitching: LHP Ken Berger
|
|
Batting: RHB Josh Mauer
|
0-0: Called Strike 0-1: Ball 1-1: Called Strike 1-2: Ball 2-2: Ball 3-2: Base on Balls
|
Batting: RHB Walt Alaniz
|
0-0: Ball Josh Mauer steals 2nd base 1-0: Swinging Strike 1-1: Ball 2-1: Ball 3-1: Foul Ball, location: 2F 3-2: Strikes out swinging
|
Batting: RHB Zachary Anderson
|
0-0: Called Strike 0-1: Ball 1-1: Ball 2-1: Foul Ball, location: 2F 2-2: Foul Ball, location: 2F 2-2: Fly out, F8 (Flyball, 8RM, EV 81.2 MPH)
|
Batting: LHB Brian Puccio
|
0-0: Ball 1-0: Called Strike 1-1: Swinging Strike 1-2: Foul Ball, location: 2F 1-2: Ball 2-2: Fly out, F9 (Line Drive, 9, EV 88.1 MPH)
|
Top of the 1st over - 0 runs, 0 hits, 0 errors, 1 left on base; Vermont 0 - Lowell 0 |
BOTTOM OF THE 1ST |
Lowell Spinners batting - Pitching for Vermont Lake Monsters : LHP Steve Lima
|
Pitching: LHP Steve Lima
|
|
Batting: RHB Aukukero Tairi
|
0-0: Swinging Strike 0-1: Ball 1-1: Ball 2-1: Ball 3-1: Base on Balls
|
Batting: RHB Matt Parker
|
0-0: Ball Aukukero Tairi steals 2nd base (no throw) 1-0: Called Strike 1-1: DOUBLE (Line Drive, 89M, EV 106.2 MPH) Aukukero Tairi scores
|
Batting: SHB Salvador Padilla
|
0-0: Called Strike 0-1: Ball 1-1: Ground out 3-1 (Groundball, 34S, EV 81.2 MPH) Matt Parker to third
|
Batting: RHB Xavier Joslin
|
0-0: Ball 1-0: Foul Ball, location: 2F 1-1: Ball 2-1: Swinging Strike 2-2: Foul Ball, location: 2F 2-2: Ball 3-2: DOUBLE (Flyball, 7LM, EV 106.9 MPH) Matt Parker scores
|
Batting: RHB Raul Sanchez
|
0-0: Fly out, F7 (Flyball, 7LSF, EV 85.6 MPH)
|
Batting: RHB Mario Arriero
|
0-0: Ball 1-0: Ball 2-0: SINGLE (Line Drive, 89M, EV 110.0 MPH) Xavier Joslin to third
|
Batting: RHB Willie Camacho
|
0-0: Called Strike 0-1: Ball 1-1: Foul Ball, location: 2F 1-2: Strikes out swinging
|
Bottom of the 1st over - 2 runs, 3 hits, 0 errors, 2 left on base; Vermont 0 - Lowell 2 |
TOP OF THE 2ND |
Vermont Lake Monsters batting - Pitching for Lowell Spinners : LHP Ken Berger
|
Batting: RHB Chris Prinzing
|
0-0: Ball 1-0: Foul Ball, location: 2F 1-1: Ball 2-1: Ball 3-1: Foul Ball, location: 2F 3-2: Strikes out looking
|
Batting: LHB Ed Talamantes
|
0-0: Ball 1-0: Called Strike 1-1: Foul Ball, location: 2F 1-2: Ball 2-2: Ball 3-2: Base on Balls
|
Batting: RHB Jon Coleman
|
0-0: Swinging Strike 0-1: Foul Ball, location: 2F 0-2: Fielders Choice at 2nd, 4-6 (Groundball, 34, EV 87.5 MPH)
|
Batting: SHB Steve Salafia
|
0-0: Ball 1-0: Ball 2-0: Fly out, F9 (Flyball, 9LM, EV 89.4 MPH)
|
Top of the 2nd over - 0 runs, 0 hits, 0 errors, 1 left on base; Vermont 0 - Lowell 2 |
BOTTOM OF THE 2ND |
Lowell Spinners batting - Pitching for Vermont Lake Monsters : LHP Steve Lima
|
Batting: LHB Robert Gonzalez
|
0-0: Swinging Strike 0-1: Ball 1-1: Swinging Strike 1-2: Strikes out swinging
|
Batting: RHB Rogelio Cervantes
|
0-0: Swinging Strike 0-1: Foul Ball, location: 2F 0-2: Ball 1-2: Foul Ball, location: 2F 1-2: Foul Ball, location: 2F 1-2: Strikes out swinging
|
Batting: RHB Aukukero Tairi
|
0-0: Ball 1-0: Ground out 5-3 (Groundball, 56S, EV 68.1 MPH)
|
Bottom of the 2nd over - 0 runs, 0 hits, 0 errors, 0 left on base; Vermont 0 - Lowell 2 |
TOP OF THE 3RD |
Vermont Lake Monsters batting - Pitching for Lowell Spinners : LHP Ken Berger
|
Batting: LHB Nick Pacheco
|
0-0: Ball 1-0: Ball 2-0: Foul Ball, location: 2F 2-1: Foul Ball, location: 2F 2-2: Strikes out swinging
|
Batting: RHB Josh Mauer
|
0-0: Swinging Strike 0-1: Ball 1-1: Ball 2-1: Ball 3-1: Base on Balls
|
Batting: RHB Walt Alaniz
|
0-0: Hit by Pitch Josh Mauer to second
|
Batting: RHB Zachary Anderson
|
0-0: SINGLE (Groundball, 6S, EV 65.6 MPH) (infield hit) Josh Mauer to third Walt Alaniz to second
|
Batting: LHB Brian Puccio
|
0-0: Ball 1-0: Swinging Strike 1-1: Swinging Strike 1-2: Ball 2-2: Strikes out swinging
|
Batting: RHB Chris Prinzing
|
0-0: SINGLE (Groundball, 6D, EV 104.4 MPH) Josh Mauer scores Walt Alaniz to third Zachary Anderson to second Runner from 3rd tries for Home, SAFE, throw by CF to home
|
Batting: LHB Ed Talamantes
|
0-0: Called Strike 0-1: Ball 1-1: Swinging Strike 1-2: Ball 2-2: Ball 3-2: Strikes out swinging
|
Top of the 3rd over - 2 runs, 2 hits, 0 errors, 2 left on base; Vermont 2 - Lowell 2 |
BOTTOM OF THE 3RD |
Lowell Spinners batting - Pitching for Vermont Lake Monsters : LHP Steve Lima
|
Batting: RHB Matt Parker
|
0-0: Ground out 5-3 (Groundball, 56S, EV 86.9 MPH)
|
Batting: SHB Salvador Padilla
|
0-0: Foul Ball, location: 2F 0-1: Foul Ball, location: 2F 0-2: Strikes out swinging
|
Batting: RHB Xavier Joslin
|
0-0: Called Strike 0-1: Ball 1-1: Foul Ball, location: 2F 1-2: Ball 2-2: Ball 3-2: Base on Balls
|
Batting: RHB Raul Sanchez
|
0-0: Foul Ball, location: 2F 0-1: 2-RUN HOME RUN (Flyball, 78XD, EV 100.6 MPH), Distance : 415 ft
|
Batting: RHB Mario Arriero
|
0-0: Ground out 6-3 (Groundball, 6, EV 107.5 MPH)
|
Bottom of the 3rd over - 2 runs, 1 hit, 0 errors, 0 left on base; Vermont 2 - Lowell 4 |
TOP OF THE 4TH |
Vermont Lake Monsters batting - Pitching for Lowell Spinners : LHP Ken Berger
|
Batting: RHB Jon Coleman
|
0-0: DOUBLE (Line Drive, 89D, EV 111.9 MPH)
|
Batting: SHB Steve Salafia
|
0-0: Ball 1-0: Ball 2-0: Ball 3-0: Called Strike 3-1: Base on Balls
|
Batting: LHB Nick Pacheco
|
0-0: Ball 1-0: Ball 2-0: Ball 3-0: Called Strike 3-1: Fielders Choice at 2nd, 4-6 (Groundball, 4S, EV 91.9 MPH) Jon Coleman to third
|
Batting: RHB Josh Mauer
|
0-0: Ball 1-0: Called Strike 1-1: Ball 2-1: Ball 3-1: Base on Balls Nick Pacheco to second
|
Batting: RHB Walt Alaniz
|
0-0: Called Strike 0-1: Ball 1-1: SINGLE (Groundball, 6D, EV 106.9 MPH) Jon Coleman scores Nick Pacheco to third Josh Mauer to second Runner from 3rd tries for Home, throw by CF and OUT! 8-2
|
Batting: RHB Zachary Anderson
|
0-0: Ball 1-0: Ground out 6-3 (Groundball, 6S, EV 78.8 MPH)
|
Top of the 4th over - 1 run, 2 hits, 0 errors, 2 left on base; Vermont 3 - Lowell 4 |
BOTTOM OF THE 4TH |
Lowell Spinners batting - Pitching for Vermont Lake Monsters : LHP Steve Lima
|
Batting: RHB Willie Camacho
|
0-0: Swinging Strike 0-1: Ball 1-1: Ball 2-1: Foul Ball, location: 2F 2-2: Ball 3-2: Foul Ball, location: 2F 3-2: Base on Balls
|
Pitching: RHP John Harrell
|
|
Batting: LHB Robert Gonzalez
|
0-0: Called Strike 0-1: SINGLE (Groundball, 34S, EV 76.9 MPH) (infield hit) Willie Camacho to second
|
Batting: RHB Rogelio Cervantes
|
0-0: Ball 1-0: Ball 2-0: Ball 3-0: Called Strike 3-1: Foul Ball, location: 2F 3-2: Strikes out swinging
|
Batting: RHB Aukukero Tairi
|
0-0: Ground out 5-3 (Groundball, 56S, EV 70.6 MPH) Willie Camacho to third Robert Gonzalez to second
|
Batting: RHB Matt Parker
|
0-0: Ground out 4-3 (Groundball, 34, EV 88.1 MPH)
|
Bottom of the 4th over - 0 runs, 1 hit, 0 errors, 2 left on base; Vermont 3 - Lowell 4 |
TOP OF THE 5TH |
Vermont Lake Monsters batting - Pitching for Lowell Spinners : LHP Ken Berger
|
Batting: LHB Brian Puccio
|
0-0: Ground out 6-3 (Groundball, 4, EV 88.1 MPH)
|
Batting: RHB Chris Prinzing
|
0-0: Ball 1-0: Called Strike 1-1: Foul Ball, location: 2F 1-2: Ball 2-2: Fly out, F4 (Popup, 34D, EV 61.9 MPH)
|
DELAY
|
Rain delay of 22 minutes in the 5th inning.
|
Pitching: LHP Chris Deans
|
|
Batting: LHB Ed Talamantes
|
0-0: Ball 1-0: Ground out 4-3 (Groundball, 4M, EV 83.1 MPH)
|
Top of the 5th over - 0 runs, 0 hits, 0 errors, 0 left on base; Vermont 3 - Lowell 4 |
BOTTOM OF THE 5TH |
Lowell Spinners batting - Pitching for Vermont Lake Monsters : RHP John Harrell
|
Batting: SHB Salvador Padilla
|
0-0: Called Strike 0-1: Ball 1-1: Ball 2-1: Ball 3-1: Called Strike 3-2: Ground out 6-3 (Groundball, P, EV 87.5 MPH)
|
Batting: RHB Xavier Joslin
|
0-0: Ball 1-0: Ball 2-0: Ball 3-0: Foul Ball, location: 2F 3-1: Base on Balls
|
Batting: RHB Raul Sanchez
|
0-0: Swinging Strike 0-1: Ball 1-1: SINGLE (Groundball, 6MD, EV 104.4 MPH) Xavier Joslin to second
|
Batting: RHB Mario Arriero
|
0-0: Fly out, F9 (Flyball, 9S, EV 78.1 MPH)
|
Batting: RHB Willie Camacho
|
0-0: Ball 1-0: Called Strike 1-1: Called Strike 1-2: Ball 2-2: Ball 3-2: Foul Ball, location: 2F 3-2: SINGLE (Groundball, 4MD, EV 102.5 MPH) Xavier Joslin to third Raul Sanchez to second Xavier Joslin scores Raul Sanchez to third
|
Pitching: LHP Cory Yeary
|
|
Batting: LHB Robert Gonzalez
|
0-0: Ground out 4-3 (Groundball, 4, EV 101.9 MPH)
|
Bottom of the 5th over - 1 run, 2 hits, 0 errors, 2 left on base; Vermont 3 - Lowell 5 |
TOP OF THE 6TH |
Vermont Lake Monsters batting - Pitching for Lowell Spinners : LHP Chris Deans
|
Batting: RHB Jon Coleman
|
0-0: Ball 1-0: Called Strike 1-1: Fly out, F9 (Flyball, 89M, EV 88.1 MPH)
|
Batting: SHB Steve Salafia
|
0-0: Ball 1-0: Foul Ball, location: 2F 1-1: Foul Ball, location: 2F 1-2: Foul Ball, location: 2F 1-2: Ground out 6-3 (Groundball, 6S, EV 70.6 MPH)
|
Batting: LHB Nick Pacheco
|
0-0: Ball 1-0: Ground out 4-3 (Groundball, 4, EV 86.9 MPH)
|
Top of the 6th over - 0 runs, 0 hits, 0 errors, 0 left on base; Vermont 3 - Lowell 5 |
BOTTOM OF THE 6TH |
Lowell Spinners batting - Pitching for Vermont Lake Monsters : LHP Cory Yeary
|
Batting: RHB Rogelio Cervantes
|
0-0: Ball 1-0: Swinging Strike 1-1: Swinging Strike 1-2: Foul Ball, location: 2F 1-2: Strikes out swinging
|
Batting: RHB Aukukero Tairi
|
0-0: Ball 1-0: Ball 2-0: Foul Ball, location: 2F 2-1: Ground out 6-3 (Groundball, 6, EV 105.0 MPH)
|
Batting: RHB Matt Parker
|
0-0: Called Strike 0-1: Fly out, F7 (Flyball, 7, EV 88.8 MPH)
|
Bottom of the 6th over - 0 runs, 0 hits, 0 errors, 0 left on base; Vermont 3 - Lowell 5 |
TOP OF THE 7TH |
Vermont Lake Monsters batting - Pitching for Lowell Spinners : LHP Chris Deans
|
Batting: RHB Josh Mauer
|
0-0: Ball 1-0: Fly out, F8 (Flyball, 8RD, EV 93.1 MPH)
|
Batting: RHB Walt Alaniz
|
0-0: Called Strike 0-1: Fly out, F7 (Flyball, 7LM, EV 91.2 MPH)
|
Batting: RHB Zachary Anderson
|
0-0: Called Strike 0-1: Ball 1-1: Ball 2-1: Foul Ball, location: 2F 2-2: Foul Ball, location: 2F 2-2: Foul Ball, location: 2F 2-2: Ground out 4-3 (Groundball, 4, EV 103.1 MPH)
|
Top of the 7th over - 0 runs, 0 hits, 0 errors, 0 left on base; Vermont 3 - Lowell 5 |
BOTTOM OF THE 7TH |
Lowell Spinners batting - Pitching for Vermont Lake Monsters : LHP Cory Yeary
|
Batting: SHB Salvador Padilla
|
0-0: Called Strike 0-1: Fly out, F7 (Flyball, 7D, EV 93.1 MPH)
|
Batting: RHB Xavier Joslin
|
0-0: Ball 1-0: Ground out 6-3 (Groundball, 6, EV 96.2 MPH)
|
Batting: RHB Raul Sanchez
|
0-0: Fly out, F7 (Line Drive, 7LM, EV 96.2 MPH)
|
Bottom of the 7th over - 0 runs, 0 hits, 0 errors, 0 left on base; Vermont 3 - Lowell 5 |
TOP OF THE 8TH |
Vermont Lake Monsters batting - Pitching for Lowell Spinners : LHP Chris Deans
|
Batting: LHB Brian Puccio
|
0-0: Ball 1-0: Ground out 6-3 (Groundball, 4, EV 83.1 MPH)
|
Batting: RHB Chris Prinzing
|
0-0: Fly out, F8 (Flyball, 8RD, EV 101.2 MPH)
|
Batting: LHB Ed Talamantes
|
0-0: Called Strike 0-1: Foul Ball, location: 2F 0-2: Ball 1-2: Ball 2-2: Fly out, F7 (Line Drive, 78D, EV 90.6 MPH)
|
Top of the 8th over - 0 runs, 0 hits, 0 errors, 0 left on base; Vermont 3 - Lowell 5 |
BOTTOM OF THE 8TH |
Lowell Spinners batting - Pitching for Vermont Lake Monsters : LHP Cory Yeary
|
Batting: RHB Mario Arriero
|
0-0: Ball 1-0: Foul Ball, location: 2F 1-1: Ball 2-1: Swinging Strike 2-2: Foul Ball, location: 2F 2-2: Strikes out swinging
|
Batting: RHB Willie Camacho
|
0-0: Ball 1-0: SINGLE (Groundball, 6MD, EV 98.1 MPH)
|
Batting: LHB Robert Gonzalez
|
0-0: Ball 1-0: Foul Ball, location: 2F 1-1: Foul Ball, location: 2F 1-2: Strikes out swinging
|
Batting: RHB Rogelio Cervantes
|
0-0: Ball 1-0: Called Strike 1-1: Ball 2-1: Called Strike 2-2: Strikes out looking
|
Bottom of the 8th over - 0 runs, 1 hit, 0 errors, 1 left on base; Vermont 3 - Lowell 5 |
TOP OF THE 9TH |
Vermont Lake Monsters batting - Pitching for Lowell Spinners : LHP Chris Deans
|
Batting: RHB Jon Coleman
|
0-0: Ball 1-0: Ball 2-0: Called Strike 2-1: SINGLE (Groundball, 6MD, EV 108.8 MPH)
|
Batting: SHB Steve Salafia
|
0-0: Called Strike 0-1: Called Strike 0-2: Foul Ball, location: 2F 0-2: Ground out 6-3 (Groundball, 6S, EV 65.0 MPH) Jon Coleman to second
|
Pinch Hitting: RHB Jason Dove
|
0-0: Ball 1-0: Ball 2-0: Called Strike 2-1: Swinging Strike 2-2: Ball 3-2: Base on Balls
|
Batting: RHB Josh Mauer
|
0-0: Ball 1-0: Called Strike 1-1: Called Strike 1-2: DOUBLE (Line Drive, 78D, EV 107.5 MPH) Jon Coleman scores Jason Dove to third
|
Pitching: RHP Mike Robertson
|
|
Batting: RHB Walt Alaniz
|
0-0: Ball 1-0: Swinging Strike 1-1: Called Strike 1-2: Ball 2-2: Ball 3-2: Foul Ball, location: 2F 3-2: Base on Balls
|
Batting: RHB Zachary Anderson
|
0-0: Called Strike 0-1: Called Strike 0-2: Strikes out swinging
|
Pitching: LHP Jose Andujar
|
|
Pinch Hitting: RHB Jake Leffel
|
0-0: Called Strike 0-1: Foul Ball, location: 2F 0-2: Strikes out swinging
|
Top of the 9th over - 1 run, 2 hits, 0 errors, 3 left on base; Vermont 4 - Lowell 5 |
|